 Dungeon Crawl Stone Soup version 0.25-a0-424-g80bd347ae0 (webtiles) character file.

Game seed: 12996344536405350478, levelgen mode: deterministic

1192 kae the Frost Mage (level 8, 0/52 HPs)
             Began as a Merfolk Ice Elementalist on Jan 22, 2020.
             Was a Believer of Uskayaw.
             Slain by an orc
             ... wielding a +2 trident of venom
              (1 damage)
             ... on level 6 of the Dungeon.
             The game lasted 00:09:56 (7480 turns).

kae the Frost Mage (Merfolk Ice Elementalist)       Turns: 7480, Time: 00:09:56

Health: 0/52       AC:  4    Str: 10      XL:     8   Next: 43%
Magic:  5/14       EV: 13    Int: 19      God:    Uskayaw [**....]
Gold:   214        SH:  0    Dex: 12 (15) Spells: 3/15 levels left

rFire    . . .     SeeInvis .   l - +0 spear
rCold    . . .     Gourm    .   (no shield)
rNeg     . . .     Faith    .   a - +0 robe
rPois    .         Spirit   .   (no helmet)
rElec    .         Reflect  .   (no cloak)
rCorr    .         Harm     .   (no gloves)
MR       .....                  e - +1 pair of boots
Stlth    ++........             (no amulet)
HPRegen  0.17/turn              n - +5 ring of intelligence
MPRegen  0.14/turn              (no ring)

@: lethally poisoned (0 -> -18), very slightly contaminated
A: change form in water, swift swim, stealthy swim
a: Stomp, Line Pass, Renounce Religion


You were on level 6 of the Dungeon.
You worshipped Uskayaw.
Uskayaw was noncommittal.
You were near starving.

You visited 1 branch of the dungeon, and saw 6 of its levels.

You collected 214 gold pieces.

Inventory:

Hand Weapons
 f - a +0 whip
 l - a +0 spear (weapon)
Armour
 a - a +0 robe (worn)
 e - a +1 pair of boots (worn)
Jewellery
 n - a +5 ring of intelligence (left hand)
Wands
 r - a wand of acid (11)
Scrolls
 g - 2 scrolls of teleportation
 i - a scroll of identify
 q - 2 scrolls of blinking
Potions
 b - a potion of flight
 d - a potion of might
 h - 2 potions of brilliance {unknown}
 j - 2 potions of magic
 k - a potion of mutation
 m - a potion of ambrosia
 o - a potion of heal wounds {unknown}
 p - a potion of lignification {unknown}
Comestibles
 c - 7 rations


   Skills:
 + Level 6.7 Polearms
 - Level 2.6 Dodging
 - Level 2.1 Stealth
 - Level 4.0 Spellcasting
 * Level 9.4 Ice Magic


You had 3 spell levels left.
You knew the following spells:

 Your Spells              Type           Power        Failure   Level  Hunger
a - Freeze                Ice            ####         1%          1    None
b - Ozocubu's Armour      Chrm/Ice       ###.....     6%          3    ###....
c - Summon Ice Beast      Ice/Summ       ###.....     21%         4    ####...
d - Hailstorm             Conj/Ice       ###.....     21%         4    ####...

Your spell library contained the following spells:

 Spells                   Type           Power        Failure   Level  Hunger
 Beastly Appendage        Tmut           #.....       14%         1    None
 Sticks to Snakes         Tmut           #.......     21%         2    ##.....
 Spider Form              Tmut/Pois      #.........   38%         3    ###....
 Ice Form                 Ice/Tmut       ###.....     21%         4    ####...
 Blade Hands              Tmut           #.........   98%         5    ######.


Dungeon Overview and Level Annotations

Branches:
Dungeon (6/15)
 Temple: D:4-7

Altars:
Gozag
Kikubaaqudgha
Okawaru
Uskayaw
Vehumet


Message History

You feel sick. The centaur zombie hits you!
* * * LOW HITPOINT WARNING * * *
The centaur closely misses you.
The orc hits you with a +2 trident of venom.
* * * LOW HITPOINT WARNING * * *
You are more poisoned.
Okay, then.
Okay, then.
Okay, then.
Blink to where?
Press: ? - help, Dir - move target cursor, p - centaur zombie You are very lightly contaminated with residual magic.
As you read the scroll of blinking, it crumbles to dust.
* * * LOW HITPOINT WARNING * * *
You feel sick. The centaur misses you. The orc closely misses you.
Okay, then.
* * * LOW HITPOINT WARNING * * *
You feel sick. The centaur closely misses you. x2
The orc hits you from afar with a +2 trident of venom.
You die...

.........(..
.........
...#... ....#
#..# ##.######
##Z........
##co........
##@###.......
###.## .......
##..## .......
##..## #......
##..## ......
##..## ....
##..##
########.#...#
......#.#.....#


You could see a centaur, an orc and a centaur zombie.

Vanquished Creatures
  An ogre (D:5)
  2 phantoms
  2 centaurs
  2 scorpions
  A crimson imp (D:6)
  A quasit (D:5)
  2 hounds (D:4)
  4 orc priests
  A bullfrog skeleton (D:4)
  4 orc wizards
  3 worker ants (D:4)
  A hound skeleton (D:4)
  4 gnolls
  3 adders
  2 oozes
  5 worms
  5 dart slugs
  2 leopard geckos
  15 orcs
  A ball python (D:1)
  6 giant cockroaches
  8 hobgoblins
  11 jackals
  2 quokkas
  16 bats
  A frilled lizard (D:3)
  A giant cockroach zombie (D:5)
  7 goblins
  9 kobolds
  A quokka skeleton (D:4)
  5 rats
128 creatures vanquished.

Notes
Turn   | Place    | Note
-------+----------+-------------------------------------------
     0 | D:1      | kae the Merfolk Ice Elementalist began the quest for the
                  | Orb.
     0 | D:1      | Reached XP level 1. HP: 13/13 MP: 3/3
   545 | D:1      | Reached XP level 2. HP: 19/19 MP: 1/5
  1025 | D:1      | Reached skill level 5 in Ice Magic
  1154 | D:1      | Reached XP level 3. HP: 24/24 MP: 2/6
  1833 | D:2      | Reached XP level 4. HP: 29/30 MP: 4/8
  2218 | D:2      | Reached skill level 1 in Polearms
  2860 | D:3      | Reached skill level 6 in Ice Magic
  2862 | D:3      | Reached XP level 5. HP: 33/35 MP: 3/9
  3000 | D:3      | Found a hide-covered altar of Uskayaw.
  3097 | D:3      | Noticed a +0 dagger
  3098 | D:3      | Noticed a +0 dagger
  3637 | D:3      | Found a faded altar of an unknown god.
  4197 | D:4      | Reached XP level 6. HP: 13/41 MP: 9/11
  4533 | D:4      | Reached skill level 7 in Ice Magic
  4797 | D:4      | Learned a level 3 spell: Ozocubu's Armour
  4802 | D:4      | Learned a level 4 spell: Summon Ice Beast
  4807 | D:4      | Learned a level 4 spell: Hailstorm
  4868 | D:4      | Reached XP level 7. HP: 30/46 MP: 10/12
  5384 | D:5      | Entered Level 5 of the Dungeon
  5449 | D:5      | Found an opulent altar of Gozag.
  5541 | D:5      | Reached skill level 5 in Polearms
  5541 | D:5      | Reached skill level 8 in Ice Magic
  5957 | D:5      | Reached XP level 8. HP: 28/52 MP: 10/14
  6514 | D:5      | Found a radiant altar of Vehumet.
  6518 | D:5      | Found an iron altar of Okawaru.
  6523 | D:5      | Found an ancient bone altar of Kikubaaqudgha.
  6674 | D:3      | Became a worshipper of Uskayaw the Reveler
  6777 | D:6      | Reached * piety under Uskayaw
  6803 | D:5      | Reached ** piety under Uskayaw
  6804 | D:5      | Reached skill level 9 in Ice Magic
  6949 | D:6      | Reached *** piety under Uskayaw
  7480 | D:6      | HP: 1/52 [poisoned by an orc]
  7480 | D:6      | Slain by an orc

Levels and vault maps discovered:
D:1:      minmay_arrival_nine_rooms, layout_loops_corners, serial_park_tiny_pond
D:2:      layout_loops_cross
D:3:      layout_loops_corners, dancing_weapons_uskayaw,
          chequers_ecumenical_altar_lobes, roderic_batcave,
          kennysheep_generic_room_15
D:4:      layout_loops_ring, first_ration
D:5:      layout_basic, minmay_overflow_temple_star_quad,
          nicolae_gozag_cash_rules_everything_around_me, st_stairs_14
D:6:      layout_cave_pods, basic_altar

Skill      XL: |  1  2  3  4  5  6  7  8 |
---------------+-------------------------+-----
Ice Magic      | 5 6 7 8 9 |  9.4
Polearms       | 1 2 3 5 6 |  6.7
Spellcasting   | 3 4 |  4.0
Dodging        | |  2.6
Stealth        | |  2.1

Action                   |  1- 3 |  4- 6 |  7- 9 || total
-------------------------+-------+-------+-------++-------
Melee: Unarmed           |    10 |       |       ||    10
       Whip              |     8 |       |       ||     8
       Spear             |       |   151 |   177 ||   328
 Cast: Freeze            |    53 |    86 |    59 ||   198
       Ozocubu's Armour  |       |       |     8 ||     8
Invok: Line Pass         |       |       |     1 ||     1
  Use: Scroll            |       |     8 |     3 ||    11
       Potion            |       |       |     2 ||     2
 Stab: Sleeping          |     1 |     9 |     3 ||    13
       Paralysed         |       |       |     1 ||     1
  Eat: Chunk             |     3 |     7 |     8 ||    18
       Ration            |       |     1 |       ||     1
Armor: Robe              |    17 |    40 |    69 ||   126
Dodge: Dodged            |    42 |   118 |   162 ||   322

Table legend:
 A = Non-vault XP
 B = Vault XP
 C = Vault XP percentage of total XP
 D = Non-vault monster count
 E = Vault monster count
 F = Vault count percentage of total count
                 A         B        C        D         E       F
            +---------+---------+-------+---------+---------+-------
      Total |    1649 |      54 |   3.2 |     118 |      10 |   7.8
            +---------+---------+-------+---------+---------+-------
        D:1 |      58 |       0 |   0.0 |      24 |       0 |   0.0
        D:2 |      96 |       0 |   0.0 |      20 |       0 |   0.0
        D:3 |      67 |      14 |  17.3 |      25 |       9 |  26.5
        D:4 |     585 |       0 |   0.0 |      18 |       0 |   0.0
        D:5 |     582 |      40 |   6.4 |      20 |       1 |   4.8
        D:6 |     261 |       0 |   0.0 |      11 |       0 |   0.0
            +---------+---------+-------+---------+---------+-------
